 Dungeon Crawl Stone Soup version 0.29-a0-323-g050149af67 (webtiles) character file.

Game seed: 13202317207804079326

218 kae the Gusty (level 5, 0/45 HPs)
             Began as an Ogre Air Elementalist on Apr 11, 2022.
             Slain by a hobgoblin (4 damage)
             ... on level 4 of the Dungeon.
             The game lasted 00:03:48 (4447 turns).

kae the Gusty (Ogre Air Elementalist)               Turns: 4447, Time: 00:03:49

Health: 0/45       AC:  6    Str: 12    XL:     5   Next: 95%
Magic:  4/10       EV:  9    Int: 18    God:
Gold:   103        SH:  0    Dex:  7    Spells: 5/11 levels left

rFire   . . .      SeeInvis .   f - +0 dagger
rCold   . . .      Faith    .   (no shield)
rNeg    . . .      Spirit   .   e - +2 robe {Will+}
rPois   .          Reflect  .   (helmet restricted)
rElec   .          Harm     .   l - +0 cloak
rCorr   .          Rampage  .   (gloves unavailable)
Will    +....                   (boots unavailable)
Stlth   +.........              (no amulet)
HPRegen 0.15/turn               (no ring)
MPRegen 0.12/turn               (no ring)

@: flying (expiring), hasted, very quick
A: large, unfitting armour, tough skin 1, clumsy 1, screaming 1
a: no special abilities


You were on level 4 of the Dungeon.
You visited 1 branch of the dungeon, and saw 4 of its levels.

You collected 103 gold pieces.

Inventory:

Hand Weapons
 f - a +0 dagger (weapon)
Armour
 e - a +2 robe of willpower (worn)
 l - a +0 cloak (worn)
Jewellery
 n - an amulet of faith
Scrolls
 i - 3 scrolls of teleportation
Potions
 b - a potion of magic
 c - a potion of ambrosia
 h - a potion of degeneration {unknown}
 j - a potion of cancellation {unknown}
 k - a potion of lignification {unknown}


   Skills:
 - Level 1.7 Dodging
 - Level 1.4 Stealth
 + Level 3.8 Spellcasting
 + Level 2.5 Conjurations
 * Level 4.5 Air Magic


You had 5 spell levels left.
You knew the following spells:

 Your Spells              Type           Power      Damage    Failure   Level
a - Shock                 Conj/Air       64%        1d7       3%          1
b - Static Discharge      Conj/Air       16%        N/A       5%          2
c - Swiftness             Air            19%        N/A       7%          3

Your spell library contained the following spells:

 Spells                   Type           Power      Damage    Failure   Level
 Magic Dart               Conj           48%        1d5       5%          1
 Searing Ray              Conj           24%        2d5       8%          2
 Airstrike                Air            9%         N/A       22%         4
 Confusing Touch          Hex            3%         N/A       41%         3
 Gell's Gravitas          Tloc           3%         N/A       41%         3
 Teleport Other           Tloc           3%         N/A       41%         3
 Fulminant Prism          Conj/Hex       4%         3d6       65%         4
 Yara's Violent Unravell  Hex/Tmut       1%         3d3       99%         5
 Dispersal                Tloc           1%         N/A       100%        6
 Enfeeble                 Hex            1%         N/A       100%        7


Dungeon Overview and Level Annotations

Branches:
Dungeon (4/15)
 Temple: D:4-7

Altars:
Makhleb
Okawaru


Innate Abilities, Weirdness & Mutations

You are too large for most types of armour.
You have tough skin. (AC +1)
You are clumsy. (Dex -2)
You occasionally shout uncontrollably at your foes.


Message History

The black bear claws you but does no damage.
It was a potion of mutation.
You feel extremely strange.
You feel the urge to shout.
You feel clumsy.
Found a hand axe.
Found 25 stones.
Found 16 gold pieces.
A hobgoblin comes into view.
The hobgoblin shouts!
You reach down and open the door.
A hobgoblin comes into view.
You yell at the hobgoblin!
The hobgoblin shouts!
The hobgoblin hits you but does no damage.
The hobgoblin moves out of view.
Found 3 scrolls labelled GIBLIH DOJYE and a ring mail.
There is an open door here.
You are starting to lose your buoyancy.
You reach down and close the door.
A hobgoblin opens the door.
The hobgoblin barely misses you.
There is an open door here.
You closely miss the hobgoblin. The hobgoblin hits you.
* * * LOW HITPOINT WARNING * * *
Casting: Static Discharge (safe; 5% risk of failure)
Confirm with . or Enter, or press ? or * to list all spells.
The hobgoblin is struck by an arc of lightning.
The hobgoblin is almost dead.
You are struck by an arc of lightning.
* * * LOW HITPOINT WARNING * * *
The lightning grounds out.
The hobgoblin closely misses you. The hobgoblin hits you.
* * * LOW HITPOINT WARNING * * *
The hobgoblin closely misses you.
The hobgoblin hits you but does no damage.
Casting: Static Discharge (safe; 5% risk of failure)
Confirm with . or Enter, or press ? or * to list all spells.
The hobgoblin is struck by an arc of lightning!
You kill the hobgoblin!
The lightning grounds out.
The hobgoblin hits you.
You die...

,...###..##.#,,,,,,,*,,,,,,,*,,,,
,.........###,,,,,,,*,,,,,,,*,,,,
*.#...##...##*,,,,,***,,,,,***,,,
*#.....#..##.##,,,** **,,,** **,,
*....(....##..##+#######+*******+
,..#.##.#.###...........,,,,,,,,,
,..,,*#.#...............,,,,,,,,,
,,,,,*#.........h.......,,,,,,,,,
,,,,*#.##....###@######*+*******+
,,,,.........##.g.#* **,,,** **,,
,,,.........##.....#**,,,,,***,,,
,,,,........#.......#,,,,,,,*,,,,
,,,,....$...#.......#,,,,,,,*,,,,
,*,,........#...?...#,,,,,,,*,,,,
*,,,...#....##..[..##*,,,,,***,,,
***,,,**,,,,,##...## **,,,** **,,
*,,,,,,,,,,,,*#####**************


You could see a black bear and a hobgoblin.

Vanquished Creatures
  A hound (D:4)
  An orc priest (D:2)
  2 orc wizards
  3 adders
  A dart slug (D:2)
  10 orcs
  6 ball pythons
  7 endoplasms
  7 giant cockroaches
  9 goblins
  4 hobgoblins
  2 quokkas
  6 bats
  3 frilled lizards
  4 kobolds
  2 rats
68 creatures vanquished.

Notes
Turn   | Place    | Note
-------+----------+-------------------------------------------
     0 | D:1      | kae the Ogre Air Elementalist began the quest for the Orb.
     0 | D:1      | Reached XP level 1. HP: 16/16 MP: 3/3
   156 | D:1      | Reached skill level 1 in Conjurations
   343 | D:1      | Reached XP level 2. HP: 24/24 MP: 1/5
   357 | D:1      | Reached skill level 3 in Air Magic
   362 | D:1      | Learned a level 2 spell: Static Discharge
  1035 | D:1      | Reached XP level 3. HP: 28/31 MP: 1/7
  1039 | D:1      | Learned a level 3 spell: Swiftness
  1334 | D:1      | Found a faded altar of an unknown god.
  2296 | D:1      | Reached XP level 4. HP: 29/39 MP: 0/8
  2535 | D:2      | Reached skill level 4 in Air Magic
  2929 | D:2      | Reached XP level 5. HP: 29/45 MP: 2/10
  3034 | D:2      | Found a burning altar of Makhleb.
  3652 | D:3      | Found an iron altar of Okawaru.
  4408 | D:4      | Noticed a black bear
  4421 | D:4      | Gained mutation: You occasionally shout uncontrollably at
                  | your foes. [potion of mutation]
  4421 | D:4      | Gained mutation: You are clumsy. (Dex -2) [potion of
                  | mutation]
  4447 | D:4      | Slain by a hobgoblin

Illustrated notes

Levels and vault maps discovered:
D:1:      kilobyte_arrival_exit_the_forest, layout_loops_corners,
          basic_ecumenical_altar
D:2:      layout_basic, basic_altar, minmay_misc_feat_four_crosses, wad_orctagon
D:3:      layout_basic, lemuel_round_altar, minmay_door_square,
          dk_noncrumbling_2
D:4:      kennysheep_six_static_rooms, layout_cave_pools, serial_shops,
          nicolae_shop_advertising_works [nicolae_subvault_shop_adworks],
          nicolae_ossuary_entry_catacombs

Skill      XL: |  1  2  3  4 |
---------------+-------------+-----
Conjurations   | 1 2 |  2.5
Air Magic      | 3 4 |  4.5
Spellcasting   | 3 |  3.8
Dodging        | |  1.7
Stealth        | |  1.4

Action                   |  1- 3 |  4- 6 || total
-------------------------+-------+-------++-------
Melee: Unarmed           |    18 |       ||    18
       Dagger            |    27 |    58 ||    85
 Cast: Shock             |    83 |    27 ||   110
       Static Discharge  |     3 |    26 ||    29
  Use: Scroll            |     1 |     6 ||     7
       Potion            |       |     4 ||     4
 Stab: Sleeping          |     1 |       ||     1
Armor: Robe              |    43 |    61 ||   104
Dodge: Dodged            |    35 |    49 ||    84

Table legend: (Time is in decaauts)
 A = Elapsed time spent in this place.
 B = Non-inter-level travel time spent in this place.
 C = Inter-level travel time spent in this place.
 D = Time resting spent in this place.
 E = Time spent auto-exploring this place.
 F = Levels seen in this place.
 G = Mean time per level.
                   A        B        C        D        E       F      G
               +--------+--------+--------+--------+--------+-----+--------+
         Total |   4454 |   4355 |     99 |    569 |   3221 |   4 | 1113.5 |
       Dungeon |   4454 |   4355 |     99 |    569 |   3221 |   4 | 1113.5 |
               +--------+--------+--------+--------+--------+-----+--------+

Top non-repeatable levels by time:
     D:1: 1992 daAuts
     D:2: 1300 daAuts
     D:3: 1031 daAuts
     D:4: 129 daAuts
